 Dungeon Crawl Stone Soup version 0.30-a0-779-g7971cf19c3 (webtiles) character file.

Game seed: 11923647758990079693

135 KleinerIrrer the Ruffian (level 4, 0/38 HPs)
             Began as a Draconian Chaos Knight on Feb 17, 2023.
             Was a Plaything of Xom.
             Slain by an orc
             ... wielding a +1 flail of protection
              (2 damage)
             ... on level 2 of the Dungeon.
             The game lasted 00:03:36 (1928 turns).

KleinerIrrer the Ruffian (Draconian Chaos Knight)   Turns: 1928, Time: 00:03:36

Health: 0/38       AC:  5    Str: 16    XL:     4   Next: 97%
Magic:  4/4        EV: 12    Int: 13    God:    Xom [..*...]
Gold:   79         SH:  0    Dex: 10    Spells: 3/3 levels left

rFire   . . .      SeeInvis .      - Unarmed
rCold   . . .      Faith    .    (no shield)
rNeg    . . .      Spirit   .    (body armour unavailable)
rPois   .          Reflect  .    (helmet restricted)
rElec   .          Harm     .    (no cloak)
rCorr   .          Rampage  .    (no gloves)
Will    .....                    (no boots)
Stlth   +                        (no amulet)
HPRegen 0.26/turn                (no ring)
MPRegen 0.09/turn                (no ring)

@: no status effects
A: AC +5, unfitting armour, cold-blooded
a: Renounce Religion


You were on level 2 of the Dungeon.
You worshipped Xom.
You were a toy of Xom.
You visited 1 branch of the dungeon, and saw 3 of its levels.

You collected 79 gold pieces.

Inventory:

Scrolls
 b - 2 scrolls of noise {unknown}
 h - 2 scrolls of identify {unknown}
 i - a scroll of fog {unknown}
 k - a scroll of enchant armour {unknown}
Potions
 c - a potion of haste {unknown}
 d - 2 potions of might {unknown}
 e - 2 potions of flight {unknown}
 f - a potion of attraction {unknown}
 g - a potion of ambrosia {unknown}
 j - 2 potions of brilliance {unknown}
Miscellaneous
 a - a piece from Xom's chessboard (15/15) (quivered)


   Skills:
 - Level 3.2 Fighting
 - Level 2.1 Dodging
 + Level 5.7 Unarmed Combat


You had 3 spell levels left.
You didn't know any spells.
Your spell library contained the following spells:

 Spells                   Type           Power      Damage    Failure   Level
 Cigotuvi's Dreadful Rot  Necr/Pois/Air  0%         N/A       43%         2
 Dispel Undead            Necr           0%         3d6       97%         4
 Petrify                  Tmut/Erth      0%         N/A       97%         4
 Metabolic Englaciation   Hex/Ice        0%         N/A       100%        5
 Death Channel            Necr           0%         N/A       100%        6
 Statue Form              Tmut/Erth      0%         N/A       100%        6


Dungeon Overview and Level Annotations

Branches:
Dungeon (3/15)

Altars:

Shops:
D:1 :   D:2 (


Innate Abilities, Weirdness & Mutations

Your plain brown scales are hard. (AC +5)
You cannot fit into any form of body armour.
You are cold-blooded and may be slowed by cold attacks.


Message History

You completely miss the orc.
The orc is moderately wounded.
The quokka barely misses you.
The orc wizard points at you and mumbles some strange words.
You resist with some effort. The orc attacks as you move away!
The orc barely misses you.
The orc wizard mumbles some strange words.
The orc wizard flickers and vanishes!
Deactivating autopickup; reactivate with Ctrl-A.
The quokka bites you but does no damage.
The orc attacks as you move away! The orc hits you but does no damage.
The orc attacks as you move away! The orc barely misses you.
The orc attacks as you move away!
The orc hits you with a +1 flail of protection.
The quokka attacks as you move away! The quokka bites you.
The orc attacks as you move away! The orc barely misses you.
There is a stone staircase leading up here.
The orc hits you with a +1 flail of protection.
The quokka barely misses you.
You climb upwards.
Reactivating autopickup.
There is a stone staircase leading down here.
You punch the quokka!
You kill the quokka!
The orc misses you.
The orc hits you with a +1 flail of protection.
* * * LOW HITPOINT WARNING * * *
The orc attacks as you move away!
The orc hits you with a +1 flail of protection.
* * * LOW HITPOINT WARNING * * *
You hit the orc but do no damage.
The orc is moderately wounded.
The orc hits you with a +1 flail of protection.
* * * LOW HITPOINT WARNING * * *
You hit the orc.
You tail-slap the orc, but do no damage.
The orc is almost dead.
The orc hits you with a +1 flail of protection.
You die... "It's all fun and games until someone loses an eye."

#.......).........##.#######
.......###........##.# ##.#...#
#.#..######.# #.#...# #.#..#
#.############ #.#...###.#..#
###.#..........# #.#.......#(.#
#.....#.P#####.# #.#.......#..#
#........P...#.#
#.#..........####.>...#..P...P.#
#.#........#...@o>....#.........
#.###############.....#.........
#...............+.....#P.....#.#
#..######.....###.....#...P..#.#
#..######.....#+#...)...#####..#
#.....##.......................#
#.................#####....#####
#.....##......................##
##.....##.........######....##.##


You could see an orc.

Vanquished Creatures
  3 gnolls (D:2)
  4 adders (D:2)
  4 dart slugs
  2 orcs (D:3)
  7 ball pythons
  4 bats
  4 endoplasms
  3 giant cockroaches
  2 goblins (D:1)
  9 hobgoblins
  3 jackals (D:2)
  5 kobolds
  2 quokkas
  A frilled lizard (D:1)
  2 rats (D:2)
55 creatures vanquished.

Vanquished Creatures (others)
  4 plants (D:2)
4 creatures vanquished.

Grand Total: 59 creatures vanquished

Notes
Turn   | Place    | Note
-------+----------+-------------------------------------------
     0 | D:1      | KleinerIrrer the Draconian Chaos Knight began the quest for
                  | the Orb.
     0 | D:1      | Reached XP level 1. HP: 19/19 MP: 1/1
   146 | D:1      | Reached XP level 2. HP: 23/26 MP: 2/2
   302 | D:1      | XOM: silly message
   353 | D:1      | XOM: divination: detect items
   368 | D:1      | Reached skill level 4 in Unarmed Combat
   388 | D:1      | Found Yturghib's Book Boutique.
   644 | D:1      | XOM: silly message
   663 | D:1      | Reached XP level 3. HP: 29/31 MP: 3/3
   800 | D:2      | XOM: potion effect (brilliance)
   934 | D:2      | Reached XP level 4. HP: 34/38 MP: 4/4
   940 | D:2      | Reached skill level 5 in Unarmed Combat
  1320 | D:2      | Found Ecakaih's Antique Weapon Boutique.
  1621 | D:2      | XOM: divination: magic mapping
  1695 | D:2      | XOM: divination: detect creatures
  1821 | D:2      | XOM is BORED!
  1928 | D:2      | Slain by an orc

Illustrated notes

Levels and vault maps discovered:
D:1:      erik_arrival_cave_to_civilisation [erik_arrival_cave_to_hall],
          layout_rooms, serial_shops, nicolae_shop_stone
D:2:      cheibrodos_old_hovel, layout_basic, serial_shops,
          nicolae_shop_temple_entry_statues_fountains, minmay_splitting_lines
D:3:      kennysheep_goblin_castle, layout_loops_ring,
          nicolae_underground_beach, uniq_sigmund

Skill      XL: |  1  2  3  4 |
---------------+-------------+-----
Unarmed Combat | 4 5 |  5.7
Fighting       | |  3.2
Dodging        | |  2.1

Action                     |  1- 3 |  4- 6 || total
---------------------------+-------+-------++-------
  Melee: Unarmed           |    94 |   115 ||   209
         Tailslap          |     8 |    15 ||    23
         Punch             |     2 |     2 ||     4
  Evoke: Piece from Xom's  |     2 |       ||     2
   Stab: Sleeping          |     1 |       ||     1
 Armour: Skin              |    18 |    41 ||    59
  Dodge: Dodged            |    53 |    92 ||   145

Table legend: (Time is in decaauts)
 A = Elapsed time spent in this place.
 B = Non-inter-level travel time spent in this place.
 C = Inter-level travel time spent in this place.
 D = Time resting spent in this place.
 E = Time spent auto-exploring this place.
 F = Levels seen in this place.
 G = Mean time per level.
                   A        B        C        D        E       F      G
               +--------+--------+--------+--------+--------+-----+--------+
         Total |   1917 |   1803 |    114 |     58 |   1321 |   3 |  639.0 |
       Dungeon |   1917 |   1803 |    114 |     58 |   1321 |   3 |  639.0 |
               +--------+--------+--------+--------+--------+-----+--------+

Top non-repeatable levels by time:
     D:2: 1029 daAuts
     D:1: 829 daAuts
     D:3: 59 daAuts
